[Event "82nd Italian Championship 2023"]
[Site "Brescia"]
[Date "2023.11.29"]
[Round "2.6"]
[White "Carnicelli, Valerio"]
[Black "Iermito, Sebastian"]
[Result "1/2-1/2"]
[ECO "C54"]
[WhiteElo "2423"]
[BlackElo "2524"]
[Annotator "TA"]
[PlyCount "97"]
[EventDate "2023.11.28"]
[EventType "tourn"]
[EventCountry "ITA"]
[SourceTitle "playchess.com"]
[Source "ChessBase"]
[SourceQuality "1"]
[TimeControl "40/6000+30:20/3000+30:900+30"]

1. e4 e5 2. Nf3 Nc6 3. Bc4 Bc5 4. c3 Nf6 5. d3 d6 6. O-O a5 {[%emt 0:00:21] C54: Giuoco Piano: 4 c3 Nf6, main lines with 5 d4 and 5 d3.} 7. Re1 (7. Bg5 $5 ) 7... O-O 8. h3 Be6 {[%emt 0:00:16] The position is equal.} 9. Bb5 Ba7 10. Nbd2 Ne7 11. d4 Ng6 12. Bd3 Nh5 13. Nf1 Nhf4 14. Bc2 c6 15. Ng3 f6 {[%emt 0:01:42] [#]} 16. Bb3 $146 (16. Nf5 $14) ({Predecessor:} 16. Be3 Qd7 17. Ne2 Nxg2 18. Kxg2 Bxh3+ 19. Kh1 f5 20. exf5 e4 21. Bxe4 Bxf5 22. Bxf5 Qxf5 {½-½ Matlakov,M (2674)-Petrosyan,M (2604) FIDE Grand Swiss 2023 (2)}) 16... Kh8 17. Be3 (17. Bxe6 {simplifies} Nxe6 18. Be3 Qc7 19. h4) 17... Qc7 18. a4 (18. Bxe6 $14 {keeps the upper hand.} Nxe6 19. Nf5) 18... Rad8 (18... d5 $1 $17) 19. d5 cxd5 (19... Bxe3 20. fxe3 cxd5 21. exd5 (21. exf4 Qb6+ 22. Kh1 dxe4 $16) 21... Nxh3+ 22. gxh3 Bxh3 23. Bc2 $16) 20. Bxa7 b6 21. exd5 Bc8 (21... Bd7 {simplifies} 22. Bc2 Qxa7 23. Bxg6 Nxg6 24. b3 Nf4) 22. Bxb6 Qxb6 23. Qc2 Ba6 (23... Bb7 $15) 24. c4 (24. Ra3 {is more complex.} f5 25. Qd2 Rde8 26. Bc2) 24... Rb8 (24... f5 $15) 25. Re3 $11 Rfc8 26. Rd1 Ne7 {[%emt 0:06:49][%cal Oe7d5] And now ...Nexd5! would win.} 27. Rc3 (27. Qe4 $11) 27... Nexd5 $1 $17 28. c5 $2 (28. cxd5 $17 Rxc3 {[%mdl 64] Remove Defender} 29. Qxc3 Qxb3 30. Qxb3 Rxb3 31. Nf5) 28... Nxc3 (28... dxc5 29. Bxd5 Rd8 30. Be4 $18) (28... Qc6 $19 29. Bxd5 Nxd5) 29. cxb6 Nce2+ {[%emt 0:00:05][%mdl 64] Discovered Attack} ({Don't do} 29... Nxd1 30. Qxd1 Rxb6 31. Nd2 $16) 30. Kh2 Rxc2 (30... Rxb6 $2 31. Qf5 Rd8 32. Nxe5 fxe5 33. Ne4 $18) 31. Bxc2 {[%emt 0:00:03] [#]} Rxb6 (31... d5 $142 $1 32. b4 (32. Nxe2 $2 Bxe2 33. Rc1 Rxb6 $19) 32... axb4) 32. b4 $2 axb4 $19 ({Not} 32... Rxb4 33. Rxd6 Bc4 34. Nxe2 Nxe2 35. Rd8+ Bg8 36. Rf8 $11) 33. a5 {[%emt 0:00:22][%cal Ba4a5,Ba5a6][%mdl 32] [#]} b3 $1 34. Bxb3 $11 {[%emt 0:03:04][%mdl 64] Deflection} Rxb3 35. Rxd6 Bc4 (35... h5 $11 {keeps the balance.} 36. Rxa6 Nxg3 37. fxg3 (37. Kxg3 Ra3 $15) 37... Nd5) 36. Nd2 $16 Rb7 $2 (36... Rc3 $16 {was worth a try.} 37. Nxc4 h5) 37. Nxc4 $18 h5 38. a6 Ra7 39. Ne4 Nd4 40. Rb6 ({White should try} 40. Nc5) 40... Nfe6 (40... Nd5 $142 41. Rb8+ Kh7) 41. Ncd6 Ra8 {[%emt 0:08:59] Inhibits Nc8.} 42. Nb7 h4 43. Nec5 Nc7 44. Na5 Kh7 45. Nc4 Ncb5 {[%emt 0:08:11] aiming for ...Rc8.} 46. Nd6 {[%emt 0:03:25] Dodges Rc8} Nc7 47. Nc4 Ncb5 $1 {[%emt 0:00:20] ...Rc8 is the strong threat.} 48. Nd6 {[%emt 0:00:11] Inhibits Rc8.} Nc7 49. Nc4 {[%emt 0:00:03] Weighted Error Value: White=0.32/Black=0.34} (49. Kh1 $16) 1/2-1/2

[Event "82nd Italian Championship 2023"]
[Site "Brescia"]
[Date "2023.11.30"]
[Round "3.1"]
[White "Iermito, Sebastian"]
[Black "Santagati, Alessandro"]
[Result "1-0"]
[ECO "B30"]
[WhiteElo "2524"]
[BlackElo "2245"]
[Annotator "TA"]
[PlyCount "97"]
[EventDate "2023.11.28"]
[EventType "tourn"]
[EventCountry "ITA"]
[SourceTitle "playchess.com"]
[Source "ChessBase"]
[SourceQuality "1"]
[TimeControl "40/6000+30:20/3000+30:900+30"]

1. Nf3 c5 2. e4 d6 3. Nc3 e5 4. Bc4 Nc6 5. d3 Be7 6. Nd2 Bg5 7. Nf1 {[%emt 0:10:08] [#] aiming for Qh5.} Bxc1 {[%emt 0:00:13] B30: Sicilian: 2...Nc6 3 Bb5, lines without ...g6.} 8. Rxc1 Nge7 9. Ne3 O-O {[%emt 0:01:56] The position is equal.} 10. O-O Ng6 11. Ncd5 {[%emt 0:04:47] [#]} Kh8 $146 ({Predecessor:} 11... Be6 12. c3 Na5 13. Nf5 Kh8 14. g3 Qd7 15. Nde3 Ne7 16. Nxe7 Nxc4 17. dxc4 Qxe7 {1-0 Vachier Lagrave,M (2722)-Carlsen,M (2821) Biel Accentus 2011 (5)}) 12. a3 Rb8 13. c3 b5 (13... Qg5 {feels hotter.} 14. b4 b5 15. Ba2 Nf4) 14. Ba2 a5 (14... Qg5 {is more complex.} 15. b4 Nf4 16. f3 Be6) 15. a4 b4 16. Bc4 Be6 17. Kh1 Nce7 18. Nxe7 Qxe7 19. g3 Bh3 20. Rg1 Qg5 21. Bb5 bxc3 (21... f5 $5 ) 22. bxc3 Rbd8 (22... f5 $5 ) 23. Rc2 f5 24. Nxf5 Bxf5 25. exf5 Rxf5 26. d4 Qf6 (26... e4 $11) 27. dxc5 $16 dxc5 28. Qe2 Rf8 29. Rf1 Qe6 (29... e4 $142) 30. Bd3 R5f6 31. Be4 Rb8 (31... Ne7 $16) 32. Kg1 Nf8 (32... Rff8 $16 33. Rd2 Ne7) 33. Rb2 $18 Rxb2 34. Qxb2 Qc4 35. Qc2 g6 36. Rb1 Kg7 (36... Rf7 $142 37. Rd1 Re7) 37. h4 Rf7 38. Bd3 Qg4 39. Qe2 Qxe2 40. Bxe2 {[%emt 0:00:01][%mdl 4096] Endgame KRB-KRN} Rd7 (40... Ra7 $16 41. Rb6 e4) 41. Rb5 Rd2 42. Kf1 Nd7 (42... Rc2 $142 43. Rxc5 e4 44. Rxa5 Kf6) 43. Ke1 ({But not} 43. Rxa5 Kh6 44. g4 Nb6) 43... Rd6 44. Rxa5 Kf6 45. Bb5 Nb6 46. Ra6 Ke6 47. c4 {[%emt 0:01:29] Prevents Nd5} e4 (47... Nc8 {was necessary.} 48. Ra8 Ne7) 48. a5 Nc8 49. Ra8 {[%emt 0:00:37] Weighted Error Value: White=0.10 (very precise) /Black=0.24 (precise)} 1-0

[Event "82nd Italian Championship 2023"]
[Site "Brescia"]
[Date "2023.11.30"]
[Round "3.2"]
[White "David, Alberto"]
[Black "Carnicelli, Valerio"]
[Result "1-0"]
[ECO "C00"]
[WhiteElo "2532"]
[BlackElo "2423"]
[Annotator "TA"]
[PlyCount "69"]
[EventDate "2023.11.28"]
[EventType "tourn"]
[EventCountry "ITA"]
[SourceTitle "playchess.com"]
[Source "ChessBase"]
[SourceQuality "1"]
[TimeControl "40/6000+30:20/3000+30:900+30"]

1. e4 c5 2. Nf3 e6 3. d3 Nc6 4. g3 d5 5. Nbd2 Nf6 6. Bg2 Be7 7. O-O O-O 8. Re1 Re8 9. c3 b5 {[%emt 0:03:21] C00: French: Unusual White 2nd moves.} 10. e5 Nd7 11. Nf1 a5 {[%emt 0:02:21][%cal Ba7a5,Ba5a4][%mdl 32] Black is slightly better.} 12. h4 Ba6 13. Bf4 {[%emt 0:18:34] [#]} a4 $146 ({Predecessor:} 13... b4 14. N1h2 a4 15. a3 bxc3 16. bxc3 Rb8 17. h5 h6 18. Ng4 Rb3 19. Qc1 Bxd3 20. Nxh6+ gxh6 21. Bxh6 {0-1 Seletsky,G (2272)-Gelman,A (2403) Titled Tuesday intern op 17th Aug blitz 2021 (10)}) 14. Ne3 Nb6 15. Ng5 h6 16. Nh3 b4 (16... Nd7 $5) 17. c4 Nd4 (17... Bf8 $1 $11) 18. Qg4 $1 $16 Kh7 19. Qh5 {[%emt 0:00:39] Ng5+ would be deadly.} Rf8 (19... Kg8 20. Bxh6 gxh6 21. Ng4 $16) (19... Rh8 $1 $14) 20. Rad1 Bc8 (20... Qe8 $142) 21. Ng4 (21. Bxh6 $142 gxh6 22. Ng4) 21... Nf5 {[%emt 0:05:37] [#] Threatens to win with ...g6.} 22. Ng5+ $1 (22. cxd5 $2 g6 23. Nf6+ Bxf6 $19) 22... Kg8 {[%emt 0:02:33] [#]} 23. Be4 $1 {[%emt 0:00:04] White has more active pieces. The black rooks are badly placed.} Ra6 $2 {[%emt 0:03:22][%mdl 8192] Black cannot hold the game after this.} (23... dxe4 24. dxe4 Nd4 25. Nxh6+ gxh6 26. Qxh6 Bxg5 27. hxg5) (23... hxg5 $16 24. hxg5 g6 25. Nh6+ Kh7 26. Bxf5 Kg7) 24. Bxf5 $18 {[%emt 0:02:17][%mdl 64] Remove Defender} exf5 {[%emt 0:00:03] [#]} 25. Nxh6+ {[%emt 0:01:11][%mdl 576] Demolition} gxh6 26. Qxh6 Bxg5 27. Bxg5 {[%emt 0:00:14] Threatening mate with Bf6.} Nd7 28. e6 ({Weaker is} 28. Qxa6 Bxa6 29. Bxd8 Rxd8 $18) 28... Qc7 29. cxd5 {[%emt 0:00:54] Hoping for Be7.} ({Don't play} 29. Bf4 Qd8 30. e7 Rxh6 $18) 29... Bb7 30. Bf4 {[%emt 0:01:01] Repels Qd6} Qc8 31. Qg5+ Kh8 32. exd7 Qxd7 33. Re7 {[%emt 0:00:16] Intending Be5+ and mate.} Qxd5 {[%emt 0:00:50] Black is weak on the dark squares} 34. Be5+ Kh7 35. Qg7# {[%emt 0:00:05] Beautiful play by David!   Weighted Error Value: White=0.08 (flawless) /Black=0.61} 1-0

[Event "82nd Italian Championship 2023"]
[Site "Brescia"]
[Date "2023.11.30"]
[Round "3.3"]
[White "Dvirnyy, Danyyil"]
[Black "Moroni, Luca Jr"]
[Result "1/2-1/2"]
[ECO "D78"]
[WhiteElo "2495"]
[BlackElo "2575"]
[Annotator "TA"]
[PlyCount "35"]
[EventDate "2023.11.28"]
[EventType "tourn"]
[EventCountry "ITA"]
[SourceTitle "playchess.com"]
[Source "ChessBase"]
[SourceQuality "1"]
[TimeControl "40/6000+30:20/3000+30:900+30"]

1. Nf3 d5 2. g3 g6 3. Bg2 Bg7 4. d4 c6 5. O-O Nf6 6. c4 O-O 7. Nc3 Ne4 8. Qb3 b6 {[%emt 0:08:57] D78: Fianchetto Grünfeld: 6 0-0 c6.} 9. cxd5 Nxc3 10. bxc3 {[%emt 0:02:05] [#] aiming for Ne5.} cxd5 11. Nd2 Bb7 {[%emt 0:05:22] [#] White took control after the opening.   Weighted Error Value: White=0.11 (very precise) /Black=0.04 (flawless)} {Predecessor:} 12. e4 $146 e6 13. Ba3 Re8 14. Rfe1 Nc6 15. exd5 Na5 16. Qb5 a6 17. Qd3 Bxd5 18. Ne4 {½-½ Oltean,G (2127)-Keresztesi,J (1904) Veszprem Hemo op 2008 (4)} 1/2-1/2

[Event "82nd Italian Championship 2023"]
[Site "Brescia"]
[Date "2023.11.30"]
[Round "3.4"]
[White "Lodici, Lorenzo"]
[Black "Sonis, Francesco"]
[Result "1/2-1/2"]
[ECO "B11"]
[WhiteElo "2550"]
[BlackElo "2564"]
[Annotator "TA"]
[PlyCount "39"]
[EventDate "2023.11.28"]
[EventType "tourn"]
[EventCountry "ITA"]
[SourceTitle "playchess.com"]
[Source "ChessBase"]
[SourceQuality "1"]
[TimeControl "40/6000+30:20/3000+30:900+30"]

1. e4 c6 2. Nc3 d5 3. Nf3 Bg4 4. h3 Bxf3 5. Qxf3 e6 6. d4 dxe4 7. Qxe4 {[%emt 0:00:05] B11: Caro-Kann: Two Knights Variation.} Nf6 8. Qd3 Nbd7 9. Be2 Bd6 10. O-O Qc7 {[%emt 0:01:44] [#]} 11. Qf3 $146 ({Predecessor:} 11. a4 a5 12. Nd1 O-O 13. Ne3 Nd5 14. Bf3 Rad8 15. c3 Nf4 16. Qc2 Ng6 17. g3 {1-0 Fedoseev,V (2688)-Bilan,D (2303) Titled Tuesday intern op 15th Nov Early blitz 2022 (1)}) 11... O-O 12. Rd1 Rfe8 13. Ne4 Nxe4 14. Qxe4 Rad8 15. c3 {[%emt 0:00:26] The position is equal.} Nf6 16. Qf3 Qe7 17. Bg5 h6 18. Bxf6 Qxf6 19. Qxf6 gxf6 20. Bf3 {[%emt 0:02:09] A rather calm draw.   Weighted Error Value: White=0.09 (flawless) /Black=0.09 (flawless)} 1/2-1/2

[Event "82nd Italian Championship 2023"]
[Site "Brescia"]
[Date "2023.11.30"]
[Round "3.5"]
[White "Brunello, Sabino"]
[Black "Gilevych, Artem"]
[Result "1/2-1/2"]
[ECO "A13"]
[WhiteElo "2492"]
[BlackElo "2416"]
[Annotator "TA"]
[PlyCount "79"]
[EventDate "2023.11.28"]
[EventType "tourn"]
[EventCountry "ITA"]
[SourceTitle "playchess.com"]
[Source "ChessBase"]
[SourceQuality "1"]
[TimeControl "40/6000+30:20/3000+30:900+30"]

1. c4 e6 2. g3 d5 3. Bg2 Nf6 4. Nf3 dxc4 5. Qa4+ Bd7 6. Qxc4 {[%emt 0:00:15] A13: English Opening: 1...e6.} c5 7. Ne5 Qc8 8. Nc3 Nc6 9. Nxd7 Qxd7 10. Qa4 Rc8 11. d3 Be7 12. Bd2 O-O 13. O-O Rfd8 14. Rfd1 b6 15. Rac1 Ne8 16. Kf1 Nd6 {[%emt 0:11:48] [#]} 17. Be1 $146 ({Predecessor:} 17. Ne4 Nf5 18. b4 cxb4 19. Nf6+ gxf6 20. Bxc6 Qd6 21. Be4 Qb8 22. Bxb4 Bxb4 23. Qxb4 {1-0 Sadovsky,A (2403)-Kovalchuk,A (2445) RUS Central Region-chT 2017 (5.2)}) 17... Bg5 18. e3 Nf5 19. g4 Nd6 20. f4 Bf6 21. d4 cxd4 22. exd4 Nb8 (22... b5 {keeps more tension.} 23. Nxb5 Nxd4 24. Nc3 Qxa4 25. Nxa4 Nc4) 23. Qxd7 Nxd7 24. Bf2 g6 25. Ne4 Nxe4 26. Bxe4 Be7 27. g5 {[%emt 0:00:49] Repels Nf6} Bd6 {[%emt 0:02:30] Black is weak on the light squares} 28. Be3 Kf8 29. h4 Ke7 30. Ke2 h6 31. a4 hxg5 32. hxg5 Rxc1 33. Rxc1 Rh8 34. Rh1 {[%emt 0:01:15] Prevents Rh2+} Rxh1 35. Bxh1 $11 {[%emt 0:00:01] KBB-KBN} Nb8 36. Kd3 Na6 {[%emt 0:00:25] The position is equal.} 37. Kc4 Nc7 38. Bc6 a6 39. b4 b5+ 40. axb5 {[%emt 0:00:31] A balanced but interesting game.   Weighted Error Value: White=0.06 (flawless) /Black=0.05 (flawless)} 1/2-1/2

[Event "82nd Italian Championship 2023"]
[Site "Brescia"]
[Date "2023.12.01"]
[Round "4.2"]
[White "Gilevych, Artem"]
[Black "Lumachi, Gabriele"]
[Result "1-0"]
[ECO "A50"]
[WhiteElo "2416"]
[BlackElo "2395"]
[Annotator "TA"]
[PlyCount "97"]
[EventDate "2023.11.28"]
[EventType "tourn"]
[EventCountry "ITA"]
[SourceTitle "playchess.com"]
[Source "ChessBase"]
[SourceQuality "1"]
[TimeControl "40/6000+30:20/3000+30:900+30"]

1. d4 Nf6 2. c4 e6 3. Bf4 d5 4. cxd5 Nxd5 5. Bg3 c5 6. e4 {[%emt 0:00:09] A50: Queen's Fianchetto Defence (1 d4 Nf6 2 c4 b6).} Nf6 7. Nd2 Qxd4 8. Ngf3 {[%emt 0:00:53] Black is slightly better.} Qd8 9. e5 Nd5 10. Bd3 Nc6 11. Qe2 {[%emt 0:01:06] [#]} Ncb4 $146 ({Predecessor:} 11... Be7 12. a3 Bd7 13. O-O g5 14. h3 Qc7 15. Rac1 h5 16. Ne4 g4 17. hxg4 hxg4 {1-0 Koelle,T (2438)-Bracker,A (2267) GER-ch 94th Ostfildern 2023 (1)}) 12. Be4 b6 13. O-O Ba6 14. Nc4 Be7 15. a3 Nc6 16. Rad1 O-O 17. Qc2 h6 18. Rfe1 Rc8 19. Qa4 (19. Bxd5 $11 exd5 20. Nd6) 19... Bb7 (19... Bxc4 $1 $15 20. Qxc4 Na5) 20. Bb1 Qe8 {[%emt 0:11:58] White now steadily converts the win.} (20... g6 $14) 21. Qc2 $16 {[%emt 0:10:32][%csl Gb1][%cal Rc2h7] [#] White has more active pieces.} g6 22. Nd6 $36 {[%emt 0:06:54][%mdl 2048] Black is under strong pressure.} Bxd6 23. exd6 {[%emt 0:00:02] Strongly threatening Rxd5.} Qd7 24. h4 f5 {[%emt 0:01:06] [#]} 25. Ba2 $1 {[%emt 0:06:51][%cal Oe1e6] Threatens to win with Rxe6!} Nd4 (25... Rfe8 $16 {is a better defense.}) 26. Nxd4 $18 cxd4 27. Qd2 f4 (27... Kh7 $16) 28. Bxd5 Bxd5 29. Bxf4 d3 (29... Rf5 $142 30. Bg3 (30. Bxh6 e5 $16) (30. Qxd4 $2 Rc4 $19) 30... Qg7) 30. Bg3 ({Stronger than} 30. Bxh6 Rc2 31. Qxd3 Rfxf2 32. Qxg6+ Kh8 33. Rxd5 Rxg2+ 34. Qxg2 Rxg2+ 35. Kxg2 exd5 $11) 30... Bb3 31. Qxh6 Bxd1 32. Qxg6+ ({Not} 32. Rxd1 Qh7 33. Qe3 Qd7 34. Rxd3 (34. Qxd3 Rf5 $16) 34... Rf5 $18) 32... Qg7 33. Qxe6+ (33. Rxe6 $2 {too greedy.} Qxg6 34. Rxg6+ Kh7 $19) 33... Qf7 34. Qxf7+ Kxf7 35. Rxd1 {[%emt 0:00:05][%mdl 4096] Endgame KRR-KRB} Ke6 36. Rxd3 Kd7 37. Rd2 a5 $2 (37... Rc4 {keeps fighting.} 38. Kh2 Rh8) 38. Be5 {[%emt 0:01:29] White is clearly winning.} Rg8 39. Kh2 Rg4 40. g3 Re4 (40... Rcg8 $142 41. f3 Rc4) 41. f4 Rc1 42. h5 Ree1 43. Kh3 Re3 44. Rg2 Ke6 45. Kg4 Rc8 46. h6 Rg8+ 47. Bg7 Kxd6 48. Kf5 {[%emt 0:00:00] And now h7 would win.} Ke7 49. h7 {[%emt 0:00:00] Weighted Error Value: White=0.05 (flawless) /Black=0.30} 1-0

[Event "82nd Italian Championship 2023"]
[Site "Brescia"]
[Date "2023.12.01"]
[Round "4.3"]
[White "Sonis, Francesco"]
[Black "Brunello, Sabino"]
[Result "1/2-1/2"]
[ECO "D35"]
[WhiteElo "2564"]
[BlackElo "2492"]
[Annotator "TA"]
[PlyCount "88"]
[EventDate "2023.11.28"]
[EventType "tourn"]
[EventCountry "ITA"]
[SourceTitle "playchess.com"]
[Source "ChessBase"]
[SourceQuality "1"]
[TimeControl "40/6000+30:20/3000+30:900+30"]

1. d4 Nf6 2. c4 e6 3. Nc3 d5 4. cxd5 Nxd5 5. e4 Nxc3 6. bxc3 c5 7. a3 cxd4 {[%emt 0:01:02] D35: Queen's Gambit Declined: Exchange Variation.} 8. cxd4 e5 $1 {[%emt 0:00:33] 8...e5 scores better than 8...Be7.} 9. Nf3 exd4 {[%emt 0:00:10] White has an edge.} 10. Nxd4 {[%emt 0:00:06] [#]} Bc5 $146 ({Predecessor:} 10... Be7 11. Be3 O-O 12. Be2 b6 13. O-O Bb7 14. Nf5 Bxe4 15. Bf3 Bxf3 16. Qxf3 Na6 {1-0 Al Hosani,O (2191)-Baches Garcia,G (2329) Titled Tuesday intern op 25th Jan blitz 2022 (3)}) 11. Bb5+ Bd7 12. O-O O-O ({But not} 12... Bxd4 13. Qxd4 Qf6 14. Qxf6 gxf6 15. Be2 $16) 13. Bc4 Nc6 14. Nb3 Bb6 15. a4 Ne5 16. Bd5 Qh4 {[%emt 0:01:25] [#] ...Ng4 is the strong threat.} 17. Qd2 Bc7 {[%emt 0:09:02][%cal Oe5f3] ( -> ...Nf3+!)} 18. f4 (18. h3 $5 ) 18... Ng4 19. h3 Nf6 20. Ba3 Rfe8 {[%emt 0:09:31][%cal Oa8d8] Threatens to win with ...Rad8!} 21. Nc5 {[%emt 0:01:17] Black must now prevent Nxd7.} Bb6 {[%emt 0:03:48][%cal Oa8c8] Hoping for ...Rac8!} 22. a5 Bxc5+ (22... Nxd5 {simplifies} 23. axb6 Nxb6 24. Nxb7 Bb5) 23. Bxc5 Rad8 (23... Nxd5 $11 24. exd5 Qh5) 24. Qf2 {[%emt 0:05:53] White is more active.} (24. Bxb7 $16 {Rad1 would be deadly.} Bc6 25. Qb2 Bxb7 26. Qxb7) 24... Qxf2+ $11 25. Bxf2 Nxd5 26. exd5 Bf5 27. Rfd1 (27. Rad1 $5 ) 27... Be4 28. d6 Re6 29. Bc5 h5 30. Rd2 b6 31. Bb4 Rd7 32. axb6 axb6 33. Ra6 Bf5 34. Rd5 g6 $1 35. Rxb6 f6 36. Kf2 Kf7 37. Ra5 Re4 38. Kf3 {[%emt 0:00:10] aiming for g4.} Rc4 39. g4 hxg4+ 40. hxg4 Bc2 41. Rb8 Bd1+ {[%emt 0:51:23] The position is equal.} 42. Kg3 g5 {[%emt 0:00:00][%mdl 64] [#] Decoy} 43. fxg5 Rxg4+ 44. Kf2 Rxg5 {[%emt 0:00:00] Weighted Error Value: White=0.08 (flawless) /Black=0.08 (flawless)} 1/2-1/2

[Event "82nd Italian Championship 2023"]
[Site "Brescia"]
[Date "2023.12.01"]
[Round "4.4"]
[White "Moroni, Luca Jr"]
[Black "Lodici, Lorenzo"]
[Result "0-1"]
[ECO "A25"]
[WhiteElo "2575"]
[BlackElo "2550"]
[Annotator "TA"]
[PlyCount "148"]
[EventDate "2023.11.28"]
[EventType "tourn"]
[EventCountry "ITA"]
[SourceTitle "playchess.com"]
[Source "ChessBase"]
[SourceQuality "1"]
[TimeControl "40/6000+30:20/3000+30:900+30"]

1. c4 e5 2. g3 Nc6 3. Bg2 g6 4. Nc3 Bg7 5. e3 f5 6. Nge2 Nf6 7. Rb1 a5 8. O-O d6 9. b3 O-O 10. d3 Be6 {[%emt 0:04:27] A25: English Opening vs King's Indian with ...Nc6 but without early d3.} 11. Nd5 Qd7 12. Nec3 Rab8 {[%emt 0:03:16] [#] White has an edge.} 13. Qd2 $146 ({Predecessor:} 13. a3 Ne7 14. Bd2 b6 15. Qc2 Rfc8 16. b4 axb4 17. axb4 c6 18. Nxe7+ Qxe7 19. b5 {1-0 Popovic,D (2261)-Zivanovic,N (2185) SRB-chT2 East CS 2011 (3.2)}) 13... Bf7 14. Bb2 Nxd5 15. Nxd5 b5 16. Rfc1 {[%emt 0:10:25] Threatens to win with cxb5.} b4 17. c5 Rb5 {[%emt 0:12:32] [#]} 18. Nxc7 $1 {[%emt 0:06:15][%mdl 64] Remove Defender} Rxc5 (18... Qxc7 19. cxd6 Qxd6 20. Rxc6 $16) 19. Na6 Rxc1+ 20. Rxc1 d5 (20... Rc8 $2 21. Rxc6 e4 22. Rxc8+ Qxc8 23. Bxg7 Kxg7 24. dxe4 (24. Qb2+ Qc3 $15) 24... Qxa6 25. Qd4+ Kg8 26. exf5 $18) (20... Nb8 $5 21. Nc7 (21. Rc7 Qd8 $17) 21... Rc8 $14) 21. d4 (21. Nc5 $5 Qc7 22. Na4 $14) 21... exd4 22. exd4 Qd6 23. Nc5 f4 24. Re1 (24. gxf4 $5 Nd8 25. Nd3 $14) 24... fxg3 25. hxg3 Rc8 26. Rc1 Rc7 27. Kh2 h5 28. f4 Bf6 29. Qf2 Ne7 30. Re1 {[%emt 0:00:23] [#]} h4 $1 {[%emt 0:00:29] Hoping for ...hxg3+.} 31. Bh3 Nc6 {[%emt 0:01:52][%cal Oc6d4] Threatening ...Nxd4!} 32. Be6 (32. Rc1 {with more complications.} hxg3+ 33. Kxg3 Ne7 34. Kf3) 32... Nxd4 $1 33. Bxd4 (33. Nd7 $15 Nf3+ 34. Qxf3 Bxb2 35. Qg4 (35. Bxf7+ Kxf7 36. Ne5+ Kg7 $17)) 33... Bxd4 $17 34. Bxf7+ {[%emt 0:00:38] This move loses the game for White.} (34. Qxd4 $17 Qxc5 35. Bxf7+ Kxf7 36. Qxc5 Rxc5 37. Re2) 34... Kxf7 $19 35. Qxd4 Qxc5 36. Qxc5 Rxc5 $15 {[%emt 0:00:47][%mdl 4096] Endgame KR-KR} 37. Re2 (37. Kh3 hxg3 38. Kxg3) 37... d4 $19 {[%emt 0:02:11][%cal Bd5d4,Bd4d3][%mdl 32] ...d3 is the strong threat.} 38. Rd2 Rd5 39. gxh4 Kf6 40. Kg3 Kf5 41. Kf3 d3 $1 42. Ke3 Rd7 43. Kf3 Rd8 44. Ke3 Kg4 45. Rg2+ {[%emt 0:00:00] [#]} Kh3 $1 46. Rd2 {[%emt 0:00:00] [#]} Kg3 $1 47. h5 gxh5 {[%emt 0:00:00] And now ...h4 would win.} 48. f5 Re8+ 49. Kxd3 Re5 50. f6 Rf5 51. Kc4 Rxf6 {[%emt 0:00:00] White must now prevent ...h4.} 52. Rd5 Rf4+ (52... h4 $142 53. Rg5+ Kf3 54. Rxa5 Rf4+ 55. Kd3 h3) 53. Kb5 Kg4 (53... h4 $142 54. Kxa5 h3 55. Rd3+ Kg4) 54. Ka4 Rf5 {[%emt 0:00:00] Black mates.} 55. Rd4+ Kg5 56. Rd1 h4 57. Rg1+ Kf4 58. Rf1+ Ke4 59. Re1+ Kd3 60. Rh1 Rh5 61. Rh3+ Ke2 62. a3 bxa3 63. Kxa3 Kf2 64. Kb2 Kg2 65. Rc3 h3 66. Rc2+ Kg3 67. Rc3+ Kf4 68. Rc4+ Ke3 69. Rc3+ Kd4 70. Rc4+ Kd5 71. Ra4 Ke6 72. Re4+ Kf6 73. Rf4+ Kg6 74. Rg4+ Kh6 {[%emt 0:00:00] Weighted Error Value: White=0.58/Black=0.29 (precise)} 0-1